 Dungeon Crawl Stone Soup version 0.23-a0-393-g6e9e0f2 (webtiles) character file.

4 Amnesiac the Chopper (level 1, -2/20 HPs)
             Began as a Hill Orc Monk on Nov 1, 2018.
             Slain by an adder (4 damage)
             ... on level 2 of the Dungeon.
             The game lasted 00:00:39 (108 turns).

Amnesiac the Chopper (Hill Orc Monk)                 Turns: 108, Time: 00:00:40

Health: -2/20      AC:  8    Str: 13    XL:     1   Next: 60%
Magic:  1/1        EV:  6    Int: 10    God:
Gold:   23         SH:  0    Dex: 13    Spells: 0/0 levels left

rFire    . . .     SeeInvis .   d - -1 dagger (curse)
rCold    . . .     Gourm    .   (no shield)
rNeg     . . .     Faith    .   e - +0 chain mail
rPois    .         Spirit   .   (no helmet)
rElec    .         Reflect  .   (no cloak)
rCorr    .         Harm     .   (no gloves)
MR       .....                  (no boots)
Stlth    ..........             (no amulet)
HPRegen  0.06/turn              (no ring)
MPRegen  0.07/turn              (no ring)

@: lethally poisoned (-2 -> -12)
A: no striking features
a: no special abilities


You were on level 2 of the Dungeon.
You were not hungry.

You visited 1 branch of the dungeon, and saw 2 of its levels.

You collected 23 gold pieces.

Inventory:

Hand Weapons
 a - a +0 hand axe
 d - a cursed -1 dagger (weapon)
Armour
 e - a +0 chain mail (worn)
Potions
 b - a potion of flight {!q, unknown}
Comestibles
 c - a ration


   Skills:
 + Level 3.7 Fighting
 * Level 4.2 Axes
 + Level 0.1 Armour
 - Level 2.4 Dodging
 - Level 1.5 Stealth


You couldn't memorise any spells.
You didn't know any spells.
Your spell library was empty.

Dungeon Overview and Level Annotations

Branches:
Dungeon (2/15)

Altars:


Message History

b - a scroll labeled KIGGAF DALUC {!r} Really read
b - a scroll labeled KIGGAF DALUC {!r}?
As you read the scroll labeled KIGGAF DALUC {!r}, it crumbles to dust.
It is a scroll of identify.
You don't have any unidentified items.
You see here a robe.
There is a stone staircase leading down here.
You climb downwards.
A ball python comes into view.
Found 12 gold pieces.
There is a stone staircase leading up here.
You hit the ball python but do no damage.
The ball python bites you but does no damage.
The ball python grabs you. The ball python constricts you.
You hit the ball python.
The ball python is heavily wounded.
The ball python barely misses you. The ball python constricts you.
You hit the ball python but do no damage.
The ball python is heavily wounded.
The ball python bites you but does no damage.
The ball python constricts you.
You hit the ball python.
You kill the ball python!
No target in view!
Found a smoky white potion.
Found 14 gold pieces.
You now have 23 gold pieces (gained 12).
An adder comes into view.
The adder hisses angrily.
You hear a shout!
Found a robe.
The adder bites you but does no damage.
A hobgoblin comes into view. It is wielding a +0 club.
You see here a smoky white potion {!q}.
b - a smoky white potion {!q} The adder bites you.
You are poisoned.
The adder poisons you! The adder barely misses you.
You feel sick. The adder bites you but does no damage.
The adder bites you but does no damage.
You feel sick. The adder bites you.
* * * LOW HITPOINT WARNING * * *
You hit the adder but do no damage.
You feel sick. The adder bites you.
* * * LOW HITPOINT WARNING * * *
You are lethally poisoned!
The adder poisons you!
You hit the adder.
The adder is lightly wounded.
The adder bites you.
* * * LOW HITPOINT WARNING * * *
You are too injured to fight recklessly!
You miss the adder.
The adder is lightly wounded.
* * * LOW HITPOINT WARNING * * *
You feel sick. The adder barely misses you.
The adder bites you but does no damage.
You miss the adder.
The adder is lightly wounded.
* * * LOW HITPOINT WARNING * * *
You feel sick. The adder bites you but does no damage.
You barely miss the adder.
The adder is lightly wounded.
* * * LOW HITPOINT WARNING * * *
You feel sick. The adder bites you.
You die...

#######
#.....# #<###
#...# #.#.#
#.#.# #.# .
#@# ## #S#
#g#####.#
#...g...##
##........
#.....$..[...
#............
#.....######.
#.....#


You could see an adder and a hobgoblin.

Vanquished Creatures
  A ball python (D:2)
  A hobgoblin (D:1)
  2 bats (D:1)
  2 toadstools (D:1)
6 creatures vanquished.

Notes
Turn   | Place    | Note
-------+----------+-------------------------------------------
     0 | D:1      | Amnesiac the Hill Orc Monk began the quest for the Orb.
     0 | D:1      | Reached XP level 1. HP: 19/19 MP: 1/1
   108 | D:2      | Slain by an adder

Vault maps used:
D:1:      ldierk_water_garden
D:2:      hex_intersection, minmay_joined_circles, uniq_jessica

Action                   || total
-------------------------++-------
Melee: Dagger            ||    16
       Hand axe          ||     4
  Use: Scroll            ||     1
Armor: Chain mail        ||    12
       Robe              ||     2
Dodge: Dodged            ||    21

Table legend:
 A = Non-vault XP
 B = Vault XP
 C = Vault XP percentage of total XP
 D = Non-vault monster count
 E = Vault monster count
 F = Vault count percentage of total count
                 A         B        C        D         E       F
            +---------+---------+-------+---------+---------+-------
      Total |       6 |       0 |   0.0 |       4 |       0 |   0.0
            +---------+---------+-------+---------+---------+-------
        D:1 |       4 |       0 |   0.0 |       3 |       0 |   0.0
        D:2 |       2 |       0 |   0.0 |       1 |       0 |   0.0
            +---------+---------+-------+---------+---------+-------
